Description

Zest is best, and so is blink/robo. Zest has effectively brought back his old blink/robo style that he used nonstop for the longest time and it’s insanely good. Mass blink stalker chargelot with double forge upgrades into templar is extremely strong on the patch at the moment and is an incredibly solid way to play. Unlike all those oracle cheeses that are going on, this is less likely to be effected in any upcoming balance changes, so come be an honorable protoss with our friend Zest.

Replay - liquidthermy v Zest: Game 2 - 어센션 투 아이어 - 래더

Build Order

Get SALT Encoding   

  12  0:02  Probe (Chrono Boost)  
  14  0:14  Probe (Chrono Boost)  
  14  0:17  Pylon  
  14  0:26  Probe (Chrono Boost)  
  15  0:32  Probe (Chrono Boost)  
  15  0:36  Gateway  
  15  0:40  Probe (Chrono Boost)  
  17  0:45  Assimilator  
  17  0:53  Probe (Chrono Boost)  
  19  1:05  Probe (Chrono Boost)  
  19  1:17  Probe (Chrono Boost)  
  20  1:21  Nexus  
  20  1:31  Cybernetics Core  
  20  1:36  Probe (Chrono Boost)  
  20  1:38  Assimilator  
  22  1:48  Probe (Chrono Boost)  
  22  1:49  Pylon  
  23  2:07  Stalker (Chrono Boost)  
  23  2:08  Warp Gate  
  26  2:17  Stalker  
  29  2:32  Robotics Facility  
  34  2:54  Twilight Council  
  36  3:09  Observer  
  36  3:12  Gateway x2  
  39  3:30  Blink  
  41  3:37  Pylon  
  41  3:39  Observer  
  46  3:56  Nexus  
  46  3:59  Pylon  
  46  4:05  Assimilator  
  48  4:19  Observer  
  48  4:20  Stalker x3  
  57  4:30  Pylon  
  59  4:40  Observer  
  59  4:45  Forge x2  
  59  4:50  Sentry x2  
  65  4:58  Protoss Ground Weapons Level 1  
  65  4:59  Protoss Ground Armor Level 1  
  67  5:12  Observer  
  73  5:23  Gateway x3  
  73  5:27  Sentry  
  76  5:30  Gateway  
  78  5:37  Gateway  
  79  5:42  Assimilator x2  
  81  5:53  Observer  
  82  6:01  Charge  
  82  6:09  Shield Battery x2  
  85  6:20  Immortal  
  89  6:30  Stalker x5  
  105  6:43  Protoss Ground Weapons Level 2, Protoss Ground Armor Level 2  
  105  6:47  Nexus  
  114  7:09  Warp Prism  
  116  7:17  Zealot x5  
  126  7:28  Gateway x2  
  126  7:30  Zealot x2  
  130  7:52  Zealot x3  
  130  7:57  Observer  
  146  8:03  Templar Archives  
  150  8:10  Immortal  
  154  8:16  Psionic Storm  
  154  8:41  High Templar x4  
  154  8:46  Assimilator x2  
  168  8:54  Photon Cannon x2  
  168  8:58  Shield Battery  
  168  9:06  Protoss Shields Level 1  
  168  9:11  High Templar x2  
  172  9:29  High Templar x2  
  178  9:53  Protoss Ground Weapons Level 3  
  178  9:57  Archon x2  
Spawning Tool Build Advisor. Get it on Overwolf

Analysis


Build Explanation


The nice thing about PvT builds is that the early game didn’t really change very much in terms of build orders, at least for this style. Blink/robo pre-patch worked essentially the same as it does post-patch, except you don’t have to build an MSCore anymore and instead you chrono out some early stalkers to pressure.

So that’s what this build starts with, a normal 19 Nexus opener with some chronod stalkers to deal with the potential reaper and to scout around and poke at the front of the Terran’s base. Afterwards, you get a robo and a twilight and then two extra gates while you chrono probes and one observer to get across the map. Zest even goes for a four minute 3rd base in his games since he’s an absolute god and isn’t afraid of any pressure. He doesn’t even get shield batteries until super late either because he’s so confident in his reactionary stalker movement and map vision. If you guys want though you can delay the Nexus slightly and get a shield battery per base to be safe.

After you setup your 3rd you’ll want to go into double forge and keep the chrono going constantly. With the new 100% boost power on chrono your upgrades finish unbelievably quickly if you constantly dump chrono into them, so you can hit some gnarly 2/2 and 3/3 timings. You’ll pair this up with a large gateway explosion around at around 5:20 so that you can power hard in the mid game with a massive amount of chargelot/blink stalker. To then compliment the army if the game goes later, you can tech into High Templar for storm. You should also get some immortals into the mix to buff your army a bit once it goes later, and a warp prism to either harass the opponent or to carry your Templar in to keep them safe and to suicide storm right in the middle of the terran army. From there you can continue with that composition or add in colossi eventually as well or tempest if they decide to turtle with ranged liberators.


Defending Drops and Map Vision


It’s important to remember when opening Robo vs terran, to set your observers up in a way to cover the areas you want. This old BotW featuring Stats’ robo opener goes into detail on observer placement and how to play around that vision. I would suggest taking another look at this if you aren’t sure what I’m talking about or need a refresher.

Secondly, shield batteries should be paired with a cannon or two on the edges of bases to help defense. They’re very cheap and keep your cannons and units alive so much longer, so they really should not be underestimated, as I have mentioned many times already in this guide. Get two or three in each spot of contention to stay safe.

Finally, remember that you have a new recall ability! You can recall to any Nexus that has 50 energy available on a 130 second cooldown. Once the recall is finished channeling your units are free to move and attack immediately, unlike before where you had to wait a few seconds and were vulnerable. This increases your ability to punish doom drops extremely hard if the terran is not paying well enough attention to them. Just be sure that there aren’t any other attacks coming on the other side of the map before you recall your entire army to one place, since it does have a 130 second global cool down.

Go to:

Details

Become a Patron
  • Created by: Gemini_19    
  • Published on: Nov 16, 2017
  • Modified on: Dec 09, 2017
  • Patch: 4.0.0
Show
View Real Time Build Order
Export as new Build Order

Comments (1)

On Nov. 21, 2017, 8:12 a.m., Mithriel  said:

Thanks for the build, works wonders!

Create an account to comment!